 Dungeon Crawl Stone Soup version 0.28.0-62-gf88900778d (webtiles) character file.

Game seed: 5556827720039259319

223 jjjjhere the Gusty (level 5, 0/38 HPs)
             Began as a Demigod Air Elementalist on Feb 22, 2023.
             Succumbed to an adder's poison
             ... on level 3 of the Dungeon.
             The game lasted 00:05:59 (3911 turns).

jjjjhere the Gusty (Demigod Air Elementalist)       Turns: 3911, Time: 00:05:59

Health: 0/38       AC:  2    Str:  8 (9)  XL:     5   Next: 39%
Magic:  1/13       EV: 12    Int: 19 (21) God:
Gold:   84         SH:  0    Dex: 12 (14) Spells: 6/11 levels left

rFire   . . .      SeeInvis .   (no weapon)
rCold   . . .      Faith    .   (no shield)
rNeg    . . .      Spirit   .   a - +0 robe
rPois   .          Reflect  .   (no helmet)
rElec   .          Harm     .   (no cloak)
rCorr   .          Rampage  .   (no gloves)
Will    .....                   (no boots)
Stlth   ++........              (no amulet)
HPRegen 0.12/turn               (no ring)
MPRegen 0.13/turn               (no ring)

@: lethally poisoned (0 -> -2)
A: high MP 1, forlorn, divine attributes
a: no special abilities


You were on level 3 of the Dungeon.
You visited 1 branch of the dungeon, and saw 3 of its levels.

You collected 84 gold pieces.

Inventory:

Armour
 a - a +0 robe (worn)
Scrolls
 b - a scroll of vulnerability {unknown}
 c - a scroll of holy word {unknown}
 d - a scroll of brand weapon {unknown}
 e - a scroll of acquirement {unknown}
 f - a scroll of summoning {unknown}
 g - a scroll of identify {unknown}
 l - a scroll of enchant armour {unknown}
 m - a scroll of immolation {unknown}
Potions
 h - a potion of cancellation
 i - a potion of degeneration


   Skills:
 - Level 1.7 Dodging
 - Level 1.7 Stealth
 + Level 3.7 Spellcasting
 - Level 0.8 Conjurations
 + Level 4.5 Air Magic


You had 6 spell levels left.
You knew the following spells:

 Your Spells              Type           Power      Damage    Failure   Level
a - Shock                 Conj/Air       52%        1d6       4%          1
b - Airstrike             Air            10%        N/A       22%         4

Your spell library contained the following spells:

 Spells                   Type           Power      Damage    Failure   Level
 Swiftness                Air            20%        N/A       6%          3
 Static Discharge         Conj/Air       13%        N/A       7%          2
 Foxfire                  Conj/Fire      20%        2x1d5     12%         1
 Conjure Flame            Conj/Fire      5%         6-21      34%         3
 Inner Flame              Hex/Fire       3%         N/A       38%         3
 Flame Wave               Conj/Fire      5%         2d5       75%         4


Dungeon Overview and Level Annotations

Branches:
Dungeon (3/15)

Shops:
D:1 (

Annotations:
D:2 Pargi


Innate Abilities, Weirdness & Mutations

You have an increased reservoir of magic. (+10% MP)
You shall have no god before yourself.
Your divine heritage dramatically boosts your attributes as you level up.


Message History

You feel sick. The adder bites you.
You feel sick.
You feel sick.
You feel sick. The adder bites you.
* * * LOW HITPOINT WARNING * * *
You feel sick.
You are no longer poisoned.
It was a potion of cancellation.
You feel magically purged.
Your magical contamination has completely faded away.
The adder closely misses you.
Okay, then.
The adder bites you but does no damage.
Aiming: Shock (safe; 4% risk of failure)
Press: ? - help, Q - select action Shift-Dir - straight line, f/p - adder
Aim: an adder (heavily wounded, 48% to hit)
Okay, then.
The adder bites you.
* * * LOW HITPOINT WARNING * * *
You are lethally poisoned!
The adder poisons you!
Aiming: Shock (safe; 4% risk of failure)
Press: ? - help, Q - select action Shift-Dir - straight line, f/p - adder
Aim: an adder (heavily wounded, 48% to hit)
That beam is likely to hit you.
Continue anyway?
Okay, then.
* * * LOW HITPOINT WARNING * * *
You feel sick.
Aiming: Shock (safe; 4% risk of failure)
Press: ? - help, Q - select action Shift-Dir - straight line, f/p - adder
Aim: an adder (heavily wounded, 48% to hit)
The zap hits the adder.
You kill the adder!
* * * LOW HITPOINT WARNING * * *
You feel sick.
You feel your strength returning.
Okay, then.
Okay, then.
* * * LOW HITPOINT WARNING * * *
You feel sick.
You die...

##.##.......######.##.#
#.#
#T##..#...........##.###.#
#.##..#############.#.##.#
#.##...............###...#
#.##...........#..## ##.##
#
#.###.....).####.#.###.##
# #.# #........# #.##.#.##
######.# #........#
#.###.#### .T.....#
##.....@.# #........#
######## #<.....##
#.######.# # #...†.## #.#
# # ###..######.. ######
#.........† .....#
#.#######... ≈☼≈≈.## #.#
##.. §≈○≈..# #.# ..#
☼_.○..# ##.##


There were no monsters in sight!

Vanquished Creatures
  An iguana (D:3)
  Terence (D:2)
  6 gnolls
  4 adders
  A worm (D:3)
  2 dart slugs (D:2)
  3 orcs (D:3)
  5 bats
  6 endoplasms
  A giant cockroach (D:1)
  10 goblins
  4 hobgoblins
  5 jackals
  2 quokkas (D:1)
  4 ball pythons
  4 frilled lizards
  3 kobolds
  7 rats
69 creatures vanquished.

Notes
Turn   | Place    | Note
-------+----------+-------------------------------------------
     0 | D:1      | jjjjhere the Demigod Air Elementalist began the quest for
                  | the Orb.
     0 | D:1      | Reached XP level 1. HP: 14/14 MP: 5/5
   249 | D:1      | Reached skill level 3 in Air Magic
   382 | D:1      | Reached XP level 2. HP: 20/20 MP: 5/7
   550 | D:1      | Found Woduh's Weapon Shop.
  1266 | D:2      | Reached XP level 3. HP: 26/26 MP: 3/9
  1718 | D:2      | Noticed Terence
  1792 | D:1      | HP: 6/26 [quokka (3)]
  2137 | D:2      | Reached XP level 4. HP: 28/33 MP: 0/11
  2231 | D:1      | Learned a level 4 spell: Airstrike
  2278 | D:2      | Killed Terence
  2472 | D:2      | Reached skill level 4 in Air Magic
  3032 | D:3      | Reached XP level 5. HP: 38/38 MP: 8/13
  3076 | D:3      | Noticed Pargi
  3898 | D:3      | HP: 12/38 [poisoned by an adder]
  3907 | D:3      | HP: 4/38 [adder (3)]
  3910 | D:3      | HP: 1/38 [poisoned by an adder]
  3911 | D:3      | Succumbed to an adder's poison

Illustrated notes

Levels and vault maps discovered:
D:1:      lightli_arrival_noodles, layout_basic, serial_shops, shop
D:2:      layout_rooms, minmay_misc_feat_doors, kennysheep_another_room,
          uniq_terence
D:3:      kennysheep_the_goblin_king, layout_loops_ring,
          nicolae_sif_muna_condensation, ebering_ecumenical_altar_mist,
          uniq_sigmund, uniq_pargi

Skill      XL: |  1  2  3  4 |
---------------+-------------+-----
Spellcasting   | 2 3 |  3.7
Air Magic      | 3 4 |  4.5
Dodging        | |  1.7
Stealth        | |  1.7
Conjurations   | |  0.8

Action                   |  1- 3 |  4- 6 || total
-------------------------+-------+-------++-------
Melee: Unarmed           |    19 |    17 ||    36
 Cast: Shock             |    92 |    71 ||   163
       Airstrike         |       |     7 ||     7
  Use: Potion            |       |     4 ||     4
Armor: Robe              |     6 |    10 ||    16
Dodge: Dodged            |    39 |    35 ||    74
